[Event "Late-Titled-Tuesday-Blitz-April-02-2024"]
[Site "Chess.com"]
[Date "2024.04.02"]
[Round "1"]
[White "andrzej"]
[Black "Zkid"]
[Result "1/2-1/2"]
[WhiteElo "2490"]
[BlackElo "2850"]
[TimeControl "180+1"]
[EndTime "14:06:57 PDT"]
[Termination "Game drawn by repetition"]

1. e4 c5 2. Nf3 d6 3. d4 cxd4 4. Nxd4 Nf6 5. Nc3 Nc6 6. Bg5 e6 7. Qd2 a6 8. O-O-O Bd7 9. Kb1 b5 10. Nxc6 Bxc6 11. f3 Be7 12. h4 h6 13. Be3 b4 14.
Ne2 d5 15. e5 Nd7 16. f4 Bb5 17.
h5 Nc5 18. Bxc5 Bxc5 19. Nd4 Bxf1 20. Rdxf1 Qb6 21. Ne2 a5 22. f5 a4 23. fxe6 fxe6 24. Qf4 O-O-O 25. Qg4 b3 26. cxb3 axb3 27. a3 Kb8 28. Rh3 Rhf8 29. Rc1 Be3 30. Qa4 d4 31. Rc4 Rf1+ 32. Nc1 Rc8 33. Rxc8+ Kxc8 34. Qc4+ Qc7 35. Qxf1 Qc2+ 36. Ka1 Bxc1 37. Qf8+ Kd7 38. Qf7+ Kd8 39. Qf8+ Kd7 40. Qf7+ Kd8 41. Qf8+ Kd7 1/2-1/2

[Event "Late-Titled-Tuesday-Blitz-April-02-2024"]
[Site "Chess.com"]
[Date "2024.04.02"]
[Round "1"]
[White "Walter_White_Poland"]
[Black "KnightDuta"]
[Result "1-0"]
[WhiteElo "2449"]
[BlackElo "2764"]
[TimeControl "180+1"]
[EndTime "14:06:57 PDT"]
[Termination "Walter_White_Poland won on time"]

1. e4 c5 2. Nf3 Nc6 3. Nc3 g6 4. Bb5 Bg7 5. O-O Nf6 6. Re1 O-O 7. e5 Ne8 8. Bxc6 dxc6 9. d3 Nc7 10. Bf4 Bg4 11. h3 Bxf3 12. Qxf3 Ne6 13. Bg3 Qb6 14.
b3 Rad8 15. Ne4 Rd5 16. Nd2 Qb4 17. Qd1 Rfd8 18. a4 Qc3 19. Ne4 Qd4 20. a5 b5 21.
axb6 axb6 22. Ra4 Qb2 23. f4 Nd4 24. Rc4 Ra8 25. Nc3 Rdd8 26. Na4 Rxa4 27. bxa4 Ra8 28. Qb1 Qxb1 29. Rxb1 1-0

[Event "Late-Titled-Tuesday-Blitz-April-02-2024"]
[Site "Chess.com"]
[Date "2024.04.02"]
[Round "1"]
[White "rdarruda"]
[Black "TigrVShlyape"]
[Result "0-1"]
[WhiteElo "2509"]
[BlackElo "2958"]
[TimeControl "180+1"]
[EndTime "14:06:58 PDT"]
[Termination "TigrVShlyape won by resignation"]

1. Nf3 Nf6 2. d4 e6 3. c4 b6 4. e3 Bb7 5. Nc3 Bb4 6. Bd2 a5 7. Be2 O-O 8. O-O d5 9. Qc2 Nbd7 10. a3 Be7 11. Bd3 dxc4 12. Bxc4 Bxf3 13. gxf3 c6 14. f4 b5 15. Be2 Nb6 16. Bf3 Rc8 17. Ne4 Nc4 18. Be1 a4 19. Nc5 Bxc5 20. dxc5 Qe7 21. Be2 e5 22. Bxc4 bxc4 23. Qxc4 exf4 24.
Qxf4 Ne4 25. Bb4 Rfe8 26. Rad1 Qe6 27. Rd4 g5 28. Qf3 Qg6 29. Rfd1 g4 30. Qf4 h5 31.
Kh1 Re6 32. Rd8+ Rxd8 33. Rxd8+ Kh7 34. Bc3 Nxc3 35. bxc3 Rf6 36. Qd4 Qf5 37. e4 Qf3+ 38. Kg1 h4 39. Rd6 Rf4 40. Rd8 Rf6 41. Rd6 h3 42.
Kf1 Qg2+ 43. Ke2 Qf3+ 44. Ke1 Rf4 45. Rd8 Rxe4+ 0-1

[Event "Late-Titled-Tuesday-Blitz-April-02-2024"]
[Site "Chess.com"]
[Date "2024.04.02"]
[Round "1"]
[White "giomar27"]
[Black "stollenmonster"]
[Result "0-1"]
[WhiteElo "2466"]
[BlackElo "2849"]
[TimeControl "180+1"]
[EndTime "14:06:58 PDT"]
[Termination "stollenmonster won by resignation"]

1. d4 Nf6 2. Nc3 d5 3. Bf4 g6 4. e3 Bg7 5. h4 c5 6. Nb5 Na6 7. c3 O-O 8. h5 Nxh5 9. Rxh5 gxh5 10. Qxh5 Qb6 11. Bd3 h6 12. Nf3 c4 13. Bc2 Bd7 14.
a4 Be8 15. Qxd5 Qc6 16. Qh5 Rd8 17. O-O-O Rd5 18. Qg4 h5 19. Qg3 Qf6 20. Be5 Qh6 21. Bf4 Qf6 22. Be5 Qh6 23. Be4 Rd7 24. Bf4 Qh8 25. Rh1 f5 26. Bc2 Rf6 27. Nh4 e6 28. Be5 Rf8 29. e4 f4 30. Bxf4 Rxf4 31. Qxf4 Bh6 32.
g3 Bxf4+ 33. gxf4 Rg7 34. Nd6 Bc6 35. d5 Qh6 36. Kb1 Qxf4 37. dxc6 Qxd6 38. cxb7 Qb6 39. e5 Rxb7 0-1

[Event "Late-Titled-Tuesday-Blitz-April-02-2024"]
[Site "Chess.com"]
[Date "2024.04.02"]
[Round "1"]
[White "PositionalPanther"]
[Black "RichardShtivelband"]
[Result "0-1"]
[WhiteElo "2587"]
[BlackElo "2288"]
[TimeControl "180+1"]
[EndTime "14:06:58 PDT"]
[Termination "RichardShtivelband won by resignation"]

1. Nf3 Nf6 2. g3 d5 3. Bg2 e6 4. O-O Be7 5. c4 O-O 6. b3 c5 7. Bb2 Nc6 8. cxd5 Nxd5 9. Nc3 Bf6 10. Qc2 Ndb4 11. Qb1 Nd4 12. Nxd4 cxd4 13. Ne4 e5 14. a3 Nc6 15. Nxf6+ Qxf6 16. e4 Be6 17. b4 a5 18.
b5 Na7 19. a4 Nc8 20. Ba3 Rd8 21.
d3 Nb6 22. Bc5 Nd7 23. Bd6 Bg4 24. Ba3 Rac8 25. f4 Nc5 26. Bxc5 Rxc5 27. Ra2 Rdc8 28. f5 Qh6 29. Qe1 Rc1 30. Qf2 Qe3 31. h3 Rxf1+ 32.
Bxf1 Bf3 33. Kh2 Rc1 34. Rc2 h6 35. Qxe3 Rxc2+ 0-1

[Event "Late-Titled-Tuesday-Blitz-April-02-2024"]
[Site "Chess.com"]
[Date "2024.04.02"]
[Round "1"]
[White "Ahmadalrahely9999"]
[Black "Ar4uha"]
[Result "0-1"]
[WhiteElo "2252"]
[BlackElo "2595"]
[TimeControl "180+1"]
[EndTime "14:07:01 PDT"]
[Termination "Ar4uha won on time"]

1. e4 c5 2. Nf3 Nc6 3. Bb5 g6 4. O-O Bg7 5. Re1 Nh6 6. c3 O-O 7. d4 cxd4 8. cxd4 d5 9. e5 Bg4 10. Bxc6 bxc6 11. Nbd2 f6 12. Qa4 Qb6 13. h3 Bd7 14.
Qa3 Nf5 15. Nb3 fxe5 16. dxe5 Nh4 17. Nfd4 Nf5 18. Nxf5 Rxf5 19. Be3 Qd8 20. f4 a5 21. Nd4 Rf8 22. Rac1 g5 23. Rf1 gxf4 24. Bxf4 Qb6 25.
Qc5 Qxb2 26. Rf2 Qb4 0-1

[Event "Late-Titled-Tuesday-Blitz-April-02-2024"]
[Site "Chess.com"]
[Date "2024.04.02"]
[Round "1"]
[White "arenal72"]
[Black "NowInChess"]
[Result "1-0"]
[WhiteElo "2595"]
[BlackElo "2248"]
[TimeControl "180+1"]
[EndTime "14:07:01 PDT"]
[Termination "arenal72 won by resignation"]

1. Nf3 Nf6 2. g3 g6 3. Bg2 Bg7 4. O-O O-O 5. d3 d6 6. Nbd2 e5 7. e4 Nc6 8. c3 a5 9. a4 h6 10. h3 Re8 11. Re1 Be6 12. d4 exd4 13. cxd4 d5 14. e5 Ne4 15. b3 Nb4 16. Nxe4 dxe4 17. Rxe4 c5 18. Ba3 Bf5 19. Re2 cxd4 20. Bxb4 axb4 21.
Qxd4 Qxd4 22. Nxd4 Bxe5 23. Rae1 f6 24. Nxf5 gxf5 25. Bxb7 Rad8 26. Kg2 Re7 27. Ba6 Rc7 28. Bc4+ Kh7 29. f4 Bc3 30. Re7+ Rxe7 31. Rxe7+ Kh8 32.
h4 Rd2+ 33. Re2 Rxe2+ 34. Bxe2 Kg7 35. Bd3 Kg6 36. g4 h5 37. Bxf5+ Kh6 38. g5+ fxg5 39.
hxg5+ Kg7 40. a5 Bd4 41. a6 Kf7 42. Bd3 Kg7 43. f5 Be3 44. Kg3 Bd4 45. Kh4 Bf2+ 46.
Kxh5 Bd4 47. f6+ Kf7 48. Bc4+ Kf8 49. g6 1-0

[Event "Late-Titled-Tuesday-Blitz-April-02-2024"]
[Site "Chess.com"]
[Date "2024.04.02"]
[Round "1"]
[White "Dedic8"]
[Black "GiorgianBarbosa"]
[Result "1-0"]
[WhiteElo "2859"]
[BlackElo "2482"]
[TimeControl "180+1"]
[EndTime "14:07:02 PDT"]
[Termination "Dedic8 won on time"]

1. d4 Nf6 2. c4 e6 3. Nc3 b6 4. e4 Bb7 5. Bd3 Bb4 6. Qe2 c5 7. a3 cxd4 8. axb4 dxc3 9. bxc3 O-O 10. Nf3 d6 11. O-O Nc6 12. Bf4 a5 13. e5 dxe5 14. Nxe5 axb4 15. Nxc6 Bxc6 16. cxb4 Qe7 17. b5 Bb7 18.
Rad1 h6 19. Bd6 Qe8 20. Bc2 Rc8 21. Rfe1 Rd8 22. h3 Rd7 23. Qe3 Qa8 24. Bxf8 Kxf8 25.
f3 Qd8 26. Rxd7 Nxd7 27. Rd1 Qc7 28. Qd4 Ke7 29. Qxg7 Qxc4 30. Bg6 Qc5+ 31. Kh1 Ne5 32. Bh5 Qc3 33. Bxf7 Nxf7 34. Qxc3 Bxf3 35. Qxf3 Ne5 36. Qb7+ Kf6 37. Rf1+ Kg6 38. Qe4+ 1-0

[Event "Late-Titled-Tuesday-Blitz-April-02-2024"]
[Site "Chess.com"]
[Date "2024.04.02"]
[Round "1"]
[White "Chempiblinka"]
[Black "NikitaShnadrygin"]
[Result "0-1"]
[WhiteElo "2367"]
[BlackElo "2661"]
[TimeControl "180+1"]
[EndTime "14:07:02 PDT"]
[Termination "NikitaShnadrygin won on time"]

1. Nf3 Nf6 2. g3 d5 3. Bg2 g6 4. O-O Bg7 5. c4 O-O 6. d4 dxc4 7. Na3 c3 8. bxc3 c5 9. Qb3 Nc6 10. e3 Qa5 11. Nc4 Qa6 12. Nce5 Be6 13. Qc2 Bf5 14. Qb2 Be4 15. Rd1 Nxe5 16. Nxe5 Bxg2 17. Kxg2 Rfd8 18. Rb1 b6 19. Kg1 Ne4 20. Nc6 Re8 21.
Qc2 Nd6 22. d5 Qc4 23. Bb2 a6 24. Ba1 b5 25. Na5 Qg4 26. Nc6 Rac8 27. a4 h5 28.
axb5 axb5 29. Re1 e6 30. Qe2 Qxe2 31. Rxe2 exd5 32. Na7 Rc7 33. Nxb5 Rb7 34. Reb2 Nc4 35. Ra2 Reb8 36. Rd1 Rxb5 37. Kg2 Nb6 38. Ra7 c4 0-1

[Event "Late-Titled-Tuesday-Blitz-April-02-2024"]
[Site "Chess.com"]
[Date "2024.04.02"]
[Round "1"]
[White "Ryan_Sowa"]
[Black "Felix-Rose"]
[Result "0-1"]
[WhiteElo "2620"]
[BlackElo "2341"]
[TimeControl "180+1"]
[EndTime "14:07:02 PDT"]
[Termination "Felix-Rose won by resignation"]

1. Nf3 Nf6 2. b3 c5 3. Bb2 Nc6 4. g3 e6 5. Bg2 d5 6. O-O Bd6 7. d3 O-O 8. Nbd2 e5 9. e4 d4 10. Nc4 Bc7 11. a4 a6 12. Bc1 Rb8 13. Nh4 b5 14. axb5 axb5 15. Nd2 Be6 16. Nf5 Qd7 17.
g4 g6 18. h3 c4 19. Nf3 Rfc8 20. Bg5 Ne8 21. Nd2 f6 22. Bh4 gxf5 23. gxf5 Bf7 24.
Kh1 cxd3 25. cxd3 Kf8 26. Bf3 Ke7 27. Bh5 Nd6 28. Rg1 Nb4 29. Bxf7 Nxf7 30. Qh5 Nxd3 31. Bxf6+ Kd6 32. Rg7 Rf8 33. f4 Nxf4 34. Qf3 Qc6 35. Rgg1 Qc3 36. Ra6+ Bb6 37. Bxe5+ Kxe5 38. Re1 Qxd2 39. Rf1 Qe3 40. Qd1 Qxh3+ 0-1

[Event "Late-Titled-Tuesday-Blitz-April-02-2024"]
[Site "Chess.com"]
[Date "2024.04.02"]
[Round "1"]
[White "Smiechu"]
[Black "MikaelyanArman"]
[Result "1-0"]
[WhiteElo "2474"]
[BlackElo "2823"]
[TimeControl "180+1"]
[EndTime "14:07:03 PDT"]
[Termination "Smiechu won by checkmate"]

1. e4 c5 2. Nf3 b6 3. d4 cxd4 4. Nxd4 Bb7 5. Nc3 Nc6 6. Be3 e6 7. Bd3 Nf6 8. O-O Bc5 9. Nxc6 Bxc6 10. Bxc5 bxc5 11. e5 Nd5 12. Ne4 O-O 13. Qh5 h6 14.
Nxc5 Nf4 15. Qg4 Nxg2 16. Ne4 Nh4 17. Nf6+ Qxf6 18. exf6 Nf3+ 19. Kg2 Ne5+ 20. Kg3 Nxg4 21. Kxg4 g6 22. h4 h5+ 23. Kg5 Rab8 24. b3 Kh7 25.
Rfe1 Rfc8 26. Re5 d6 27. Ra5 Rc7 28. Re1 Rb4 29. c4 d5 30. f4 dxc4 31. Bxc4 Bd7 32. f5 exf5 33. Re7 Rbxc4 34. Rxf7+ Kg8 35. Rg7+ Kf8 36. bxc4 f4 37. Rd5 f3 38. Rdxd7 Rxc4 39. Rd8# 1-0

[Event "Late-Titled-Tuesday-Blitz-April-02-2024"]
[Site "Chess.com"]
[Date "2024.04.02"]
[Round "1"]
[White "MarcoRiehle"]
[Black "DinaBelenkaya"]
[Result "1-0"]
[WhiteElo "2795"]
[BlackElo "2447"]
[TimeControl "180+1"]
[EndTime "14:07:04 PDT"]
[Termination "MarcoRiehle won by checkmate"]

1. e4 c6 2. c4 d5 3. cxd5 cxd5 4. exd5 Nf6 5. Nc3 g6 6. Bc4 Bg7 7. Nf3 a6 8. a4 O-O 9. O-O b6 10. d4 Bb7 11. Qb3 Ne8 12. Bf4 Nd6 13. Be5 Nxc4 14. Qxc4 Nd7 15. Bxg7 Kxg7 16. Ne5 Rc8 17. Nc6 Qc7 18.
Rfe1 Rfe8 19. Rad1 Bxc6 20. dxc6 Qxc6 21. Qxa6 Qc4 22.
Qb7 Rc7 23. Qf3 Nf6 24. h3 Rd7 25. d5 Red8 26. Qe3 Nxd5 27. Nxd5 Rxd5 28. Rxd5 Rxd5 29.
b3 Qb4 30. Rc1 e5 31. Rc4 Qd6 32. g3 Rd3 33. Qe4 Rxb3 34. h4 h5 35. Rc1 Rb4 36. Qc2 Rd4 37. Re1 f5 38. Qc3 Kf6 39. Qc8 e4 40. Qh8+ Ke6 41. Qg7 Kd5 42. Rc1 e3 43. Qf7+ Ke4 44. Qe8+ Qe5 45. f3+ Kd5 46. Qc6# 1-0

[Event "Late-Titled-Tuesday-Blitz-April-02-2024"]
[Site "Chess.com"]
[Date "2024.04.02"]
[Round "1"]
[White "Njal28"]
[Black "VinzentSpitzl"]
[Result "1-0"]
[WhiteElo "3056"]
[BlackElo "2541"]
[TimeControl "180+1"]
[EndTime "14:07:05 PDT"]
[Termination "Njal28 won by resignation"]

1. d4 Nf6 2. c4 e6 3. Nc3 d5 4. cxd5 exd5 5. Bg5 Be7 6. e3 h6 7. Bh4 O-O 8. Bd3 c6 9. Nge2 Re8 10. Qc2 Nbd7 11.
O-O Ne4 12. Bxe7 Qxe7 13. Rae1 Ndf6 14. f3 Nxc3 15. Nxc3 c5 16. Qf2 Bd7 17. Kh1 cxd4 18. exd4 Qd6 19. Qd2 Rxe1 20. Rxe1 Re8 21. Rxe8+ Bxe8 22. Qe3 Bc6 23. a3 Kf8 24. Kg1 Qe7 25. Kf2 Qxe3+ 26. Kxe3 Ke7 27. g4 Ne8 28. h4 Nd6 29. Kf4 Ke6 30. Nd1 Bb5 31. Bf5+ Nxf5 32. gxf5+ Kd6 33. Ne3 Bd3 34. f6 g6 35. Ng4 h5 36.
Ne5 Ba6 37. Kg5 Ke6 38. Nxg6 Be2 39. Nf4+ 1-0

[Event "Late-Titled-Tuesday-Blitz-April-02-2024"]
[Site "Chess.com"]
[Date "2024.04.02"]
[Round "1"]
[White "Road2GM3000"]
[Black "DamianoLew95"]
[Result "1-0"]
[WhiteElo "2471"]
[BlackElo "2802"]
[TimeControl "180+1"]
[EndTime "14:07:05 PDT"]
[Termination "Road2GM3000 won by resignation"]

1. d4 Nf6 2. c4 e6 3. Nc3 Bb4 4.
Nf3 d5 5. Bg5 c6 6. cxd5 exd5 7.
e3 h6 8. Bh4 g5 9. Bg3 Ne4 10.
Qb3 Qa5 11. Rc1 h5 12. Bxb8 Rxb8 13. Bd3 Be6 14. Ne5 Bd6 15. Bxe4 dxe4 16. Nc4 Bxc4 17.
Qxc4 Bb4 18. O-O Bxc3 19. Rxc3 O-O 20. Qe2 h4 21. Rc5 Qd8 22. Qh5 f6 23. Qg6+ Kh8 24.
Qh6+ Kg8 25. Qg6+ Kh8 26. Qxe4 Qe8 27. Qg4 Qe7 28. h3 Rbd8 29. Rfc1 Rd6 30. b4 a6 31. a4 Ra8 32. b5 axb5 33. axb5 cxb5 34. Rc7 Qe8 35. Qf5 Qh5 36. Rc8+ Rxc8 37. Rxc8+ Kg7 38. Rc7+ Kf8 39. Qc8+ Qe8 40. Qxb7 Qe6 41. Rc8+ 1-0

[Event "Late-Titled-Tuesday-Blitz-April-02-2024"]
[Site "Chess.com"]
[Date "2024.04.02"]
[Round "1"]
[White "Shiner22"]
[Black "Mackster23"]
[Result "0-1"]
[WhiteElo "2293"]
[BlackElo "2621"]
[TimeControl "180+1"]
[EndTime "14:07:09 PDT"]
[Termination "Mackster23 won by resignation"]

1. e4 c5 2. d4 cxd4 3. c3 Nf6 4. e5 Nd5 5. Nf3 d6 6. cxd4 Nc6 7. exd6 e6 8. Bd3 Bxd6 9. O-O h6 10. Nc3 Nf4 11.
Bb5 O-O 12. Ne4 Bc7 13. Be3 Bd7 14. Nc5 Bc8 15. Bxc6 bxc6 16. Ne5 Bxe5 17. dxe5 Nd5 18. Bd4 Rb8 19. a3 Nf4 20. Kh1 Qd5 21. Rg1 Ne2 22.
Qxe2 Qxd4 23. b4 a5 24. Rgd1 Qc3 25. Rdc1 Qd4 26. Nb3 Qf4 27. Nxa5 Bd7 28. Rc4 Qf5 29. Rd1 Rfd8 30. Rcd4 c5 31. Rxd7 Rxd7 32. Rxd7 cxb4 33. Nc6 Re8 34. Ne7+ Rxe7 35. Rxe7 Qb1+ 0-1

[Event "Late-Titled-Tuesday-Blitz-April-02-2024"]
[Site "Chess.com"]
[Date "2024.04.02"]
[Round "1"]
[White "Blackmind96"]
[Black "OlaaLa"]
[Result "1-0"]
[WhiteElo "2751"]
[BlackElo "2415"]
[TimeControl "180+1"]
[EndTime "14:07:10 PDT"]
[Termination "Blackmind96 won by resignation"]

1. d4 f5 2. Nc3 Nf6 3. Bg5 d5 4. f3 e6 5. e4 Be7 6. e5 Ng8 7.
Bd2 Nc6 8. Nce2 Bg5 9. c3 Nh6 10. Nh3 Nf7 11. Nxg5 Nxg5 12. Nf4 Nf7 13. Bd3 Bd7 14. Qe2 Ne7 15. g4 g6 16. gxf5 Nxf5 17.
O-O-O Qe7 18. Bxf5 gxf5 19. Rhg1 O-O-O 20. Rg7 Rdg8 21. Rdg1 Qf8 22. Qg2 Rxg7 23. Qxg7 Qxg7 24. Rxg7 Nd8 25. Be1 c5 26. Kd2 cxd4 27. cxd4 Nc6 28. Ke3 b6 29. Bh4 Nb4 30. a3 Nc6 31. Bf6 Re8 32.
Rxh7 Na5 33. Nd3 Nc4+ 34. Kf2 a5 35. h4 Bb5 36. h5 f4 37. h6 Ne3 38. Nxf4 Nf5 39.
Nh5 Bd7 40. Ng3 Nxd4 41. Rg7 1-0

[Event "Late-Titled-Tuesday-Blitz-April-02-2024"]
[Site "Chess.com"]
[Date "2024.04.02"]
[Round "1"]
[White "PotapovaM"]
[Black "FairChess_on_YouTube"]
[Result "0-1"]
[WhiteElo "2538"]
[BlackElo "3053"]
[TimeControl "180+1"]
[EndTime "14:07:11 PDT"]
[Termination "FairChess_on_YouTube won on time"]

1. d4 Nf6 2. c4 g6 3. Nc3 Bg7 4. e4 O-O 5. h3 d6 6. Be3 Nc6 7. d5 Ne5 8. g4 c6 9. f4 Ned7 10.
Nge2 cxd5 11. cxd5 a6 12. Bg2 b5 13. Nd4 Bb7 14.
Nc6 Qe8 15. O-O e6 16. Bd4 e5 17. fxe5 Nxe5 18. Nxe5 dxe5 19. Bc5 Rc8 20. Bxf8 Qxf8 21.
Qe2 Ne8 22. Rac1 Bh6 23. Rc2 Qc5+ 24. Kh1 b4 25. Rf3 Nd6 26. Qf1 Bg5 27. a3 a5 28.
axb4 axb4 29. Qe1 h6 30. Qf1 Qa5 31. Qe1 Kg7 32. h4 Be7 33. Qf2 bxc3 34. Rfxc3 Rxc3 35. Rxc3 Qd8 36. b4 Bxh4 37. Qc2 Be1 38. Rh3 Bxb4 39. Qb2 Bc5 40. Qxe5+ Qf6 41. Qxf6+ Kxf6 42. Rxh6 Bc8 43.
Rh3 Bxg4 44. Rc3 Bd4 45. Rc6 Be5 46. Ra6 Kg5 47. Kg1 Kf4 48. Kf1 Bd1 49. Ke1 Bc2 50.
Kd2 Bb3 51. Ra3 Nc4+ 0-1

[Event "Late-Titled-Tuesday-Blitz-April-02-2024"]
[Site "Chess.com"]
[Date "2024.04.02"]
[Round "1"]
[White "yaguigor"]
[Black "Hirna2005"]
[Result "1/2-1/2"]
[WhiteElo "2620"]
[BlackElo "2322"]
[TimeControl "180+1"]
[EndTime "14:07:12 PDT"]
[Termination "Game drawn by repetition"]

1. e4 g6 2. d4 Bg7 3. Nc3 d6 4.
Be3 a6 5. Qd2 b5 6. h4 h6 7. f3 Bb7 8. Nh3 Nd7 9. Nf2 c5 10. a4 b4 11. Ncd1 Rc8 12. h5 g5 13.
Ng4 Ngf6 14. Nxf6+ Bxf6 15. b3 Qb6 16. a5 Qc7 17.
Bc4 cxd4 18. Bxd4 Ne5 19. Ne3 O-O 20. O-O Nxc4 21. Nxc4 Bxd4+ 22. Qxd4 Qc5 23. Rfd1 Qxd4+ 24. Rxd4 Rc5 25. g4 Rfc8 26. Rad1 Bc6 27. Kf2 Bb5 28. Ne3 Bc6 29. Nc4 Bb5 30. Ne3 Bc6 31. Rxb4 Rxa5 32. Rc4 Bd7 33. Rxc8+ Bxc8 34. Nd5 Kf8 35. Ke3 Be6 36.
Nc7 Rc5 37. Nxe6+ fxe6 38. c4 a5 39. Ra1 Ke8 40. Kd4 e5+ 41. Kc3 Kd7 42. b4 axb4+ 43.
Kxb4 Ke6 44. Ra8 Kf7 45. Rh8 Kg7 46. Re8 Kf7 47. Rh8 Kg7 48. Rb8 Kf7 49. Rb5 Rc8 50. c5 Ke6 51. Kc4 Rc7 52. Ra5 Kd7 53. Kd5 dxc5 54.
Rxc5 e6+ 55. Kc4 Rxc5+ 56. Kxc5 Kc7 57. Kb5 Kb7 58. Kc5 Kc7 59. Kb5 Kb7 60. Kc5 Kc7 1/2-1/2

[Event "Late-Titled-Tuesday-Blitz-April-02-2024"]
[Site "Chess.com"]
[Date "2024.04.02"]
[Round "1"]
[White "arturdailima"]
[Black "bescmelasti"]
[Result "1-0"]
[WhiteElo "2380"]
[BlackElo "2636"]
[TimeControl "180+1"]
[EndTime "14:07:15 PDT"]
[Termination "arturdailima won on time"]

1. e4 c5 2. c3 e6 3. d4 d5 4.
dxc5 Bxc5 5. exd5 exd5 6. Nf3 Nc6 7. Be2 Nf6 8. O-O O-O 9. Nbd2 Re8 10. Nb3 Bb6 11. Bg5 h6 12. Bh4 Bg4 13. h3 Bh5 14.
Nfd4 Nxd4 15. Bxh5 Nf5 16. Bxf6 Qxf6 17. Qxd5 Ng3 18.
Bf3 Nxf1 19. Rxf1 Re7 20. a4 Rd8 21. Qc4 a6 22. a5 Ba7 23. Qb4 Qd6 24. Qc4 g6 25.
Rd1 Qb8 26. Nd4 Rc7 27. Qb3 Rcd7 28. Bg4 Rd6 29. Re1 Bxd4 30. cxd4 Rxd4 31. Re7 Qf4 32. g3 Qf6 33. Rxb7 Rd2 34. Rxf7 Qxf7 35. Be6 R2d7 36. Bxf7+ Rxf7 37. Qb6 Rdf8 38. Qxg6+ Kh8 39. Qxh6+ Kg8 40.
Qg6+ Rg7 41. Qe6+ Kh8 42. Qxa6 Rgf7 43. Qb6 Rf6 44. Qe3 1-0

[Event "Late-Titled-Tuesday-Blitz-April-02-2024"]
[Site "Chess.com"]
[Date "2024.04.02"]
[Round "1"]
[White "PhileKhoob"]
[Black "JG-17"]
[Result "0-1"]
[WhiteElo "2280"]
[BlackElo "2605"]
[TimeControl "180+1"]
[EndTime "14:07:18 PDT"]
[Termination "JG-17 won on time"]

1. Nf3 d5 2. g3 Nf6 3. Bg2 g6 4. O-O Bg7 5. c4 d4 6. d3 O-O 7.
b4 Re8 8. Bb2 e5 9. Nbd2 a5 10.
a3 Nc6 11. Qb3 a4 12. Qc2 Bf5 13. Ng5 Qd7 14. Rfe1 h5 15. Nge4 Nxe4 16. Nxe4 Bh3 17.
Nc5 Qc8 18. Bd5 Nd8 19. Bc1 c6 20. Bf3 Ne6 21. Nxa4 Qd8 22. Bd2 h4 23. b5 hxg3 24. fxg3 Rc8 25. bxc6 bxc6 26. c5 Ng5 27. Nb6 Rc7 28.
Bh1 e4 29. Bf4 Ra7 30. a4 Ne6 31. Bxe4 Nxf4 32. gxf4 Qh4 33. e3 dxe3 34. Rad1 Bd4 35. Re2 Bg4 36. Qa2 Qh5 37. Rde1 Bxe2 38. Qxe2 Qxe2 39.
Rxe2 f5 40. Bxc6 Ree7 41. Bd5+ Kg7 42. Bc4 Bxc5 43. Nd5 Red7 44. Nc3 Bd4 0-1

[Event "Late-Titled-Tuesday-Blitz-April-02-2024"]
[Site "Chess.com"]
[Date "2024.04.02"]
[Round "1"]
[White "Rsnr"]
[Black "SultaiC"]
[Result "0-1"]
[WhiteElo "2868"]
[BlackElo "2501"]
[TimeControl "180+1"]
[EndTime "14:07:20 PDT"]
[Termination "SultaiC won on time"]

1. d4 Nf6 2. c4 e6 3. Nf3 d5 4. e3 Be7 5. b3 O-O 6. Bd3 c6 7. O-O Nbd7 8. Bb2 Re8 9. Nbd2 b6 10.
e4 dxe4 11. Nxe4 Bb7 12. Qe2 Qc7 13. Rad1 Rad8 14. h3 Nxe4 15. Bxe4 Nf6 16. Bc2 Bd6 17. a3 a5 18. Rfe1 Qe7 19. a4 Bb4 20. Rf1 h6 21.
Ne5 c5 22. Nd3 cxd4 23. Nxb4 Qxb4 24. Bxd4 e5 25. Be3 Be4 26. Bd2 Rxd2 27. Qxd2 Qc5 28. Bxe4 Nxe4 29. Qe3 Qc6 30. Rd5 Nc5 31. Rxe5 Rd8 32.
Re1 Rd6 33. Re8+ Kh7 34. Qe7 Rg6 35. f3 Qxf3 36. Qe2 Qxh3 37. Qf2 Nd3 38. Qc2 Qf5 39.
R1e2 Qc5+ 40. R8e3 Nf4 41. Re1 Nxg2 42. Qxg2 Rxg2+ 43. Kxg2 Qg5+ 44. Rg3 Qd2+ 45. Kf1 h5 46. Re7 h4 47.
Rf3 Qd1+ 48. Kf2 Qd2+ 49. Kf1 f6 50. Re4 Qg5 51. Rff4 Qg3 52. Rxh4+ Kg8 53. Rhg4 Qf3+ 54. Ke1 f5 55. Re8+ Kf7 0-1

[Event "Late-Titled-Tuesday-Blitz-April-02-2024"]
[Site "Chess.com"]
[Date "2024.04.02"]
[Round "1"]
[White "rhwr"]
[Black "ineverlikedyou"]
[Result "0-1"]
[WhiteElo "2266"]
[BlackElo "2602"]
[TimeControl "180+1"]
[EndTime "14:07:20 PDT"]
[Termination "ineverlikedyou won on time"]

1. e4 c5 2. Nf3 e6 3. Nc3 Nc6 4. d4 cxd4 5. Nxd4 Nf6 6. Nxc6 bxc6 7. Bd3 d5 8. e5 Nd7 9. f4 Bc5 10. Qg4 O-O 11. Rf1 f5 12. Qe2 a5 13. Na4 Be7 14. c3 Nb6 15. Nxb6 Qxb6 16. Be3 c5 17. Kf2 Bd7 18. Kg1 a4 19. Rab1 Rfb8 20. b4 axb3 21.
axb3 Qc7 22. Rfc1 Ra3 23. Qc2 Bc6 24. h3 c4 25. bxc4 Rxb1 26. Rxb1 Ba4 27. Qb2 dxc4 28. Qb8+ Qxb8 29. Rxb8+ Kf7 30. Be2 Rxc3 31. Bd4 Rc2 32. Kf2 Bc6 33. Rc8 Bd5 34. Rc7 Ke8 35. g4 g6 36. g5 Kd8 37. Ra7 Be4 38. Bb6+ Ke8 39. Ke3 Rb2 40. Bd4 Rb3+ 41. Kf2 c3 42. Rc7 c2 43.
Be3 Bd8 44. Rc5 Rxe3 45. Bb5+ Ke7 46. Rxc2 Bxc2 47. Kxe3 Bb6+ 48. Kd2 Be4 49. h4 Bf2 50. h5 gxh5 0-1

[Event "Late-Titled-Tuesday-Blitz-April-02-2024"]
[Site "Chess.com"]
[Date "2024.04.02"]
[Round "1"]
[White "AlexeiShirov"]
[Black "becemix"]
[Result "1/2-1/2"]
[WhiteElo "2821"]
[BlackElo "2467"]
[TimeControl "180+1"]
[EndTime "14:07:21 PDT"]
[Termination "Game drawn by repetition"]

1. e4 e5 2. Nf3 Nc6 3. Bc4 Bc5 4. c3 Nf6 5. d4 exd4 6. e5 d5 7. Bb5 Ne4 8. cxd4 Bb4+ 9. Bd2 Nxd2 10. Nbxd2 O-O 11.
O-O Ne7 12. Bd3 Bf5 13. Nb3 Bxd3 14. Qxd3 Ng6 15. a3 Be7 16. Na5 c6 17. Nxb7 Qb6 18.
Nd6 Bxd6 19. exd6 Rad8 20. b4 Rxd6 21. Rfc1 Rf6 22. Rc5 Re8 23. g3 Qb7 24. Rac1 Qd7 25. Ne1 h5 26. h4 Qg4 27. Ng2 Ree6 28. R5c2 Rf3 29. Qd2 Rxa3 30. Rxc6 Rxc6 31. Rxc6 Ra1+ 32. Rc1 Rxc1+ 33. Qxc1 Qxd4 34. Qc8+ Kh7 35. Qf5 Qd1+ 36. Kh2 d4 37. Qxf7 d3 38. Qf5 Qe2 39. Nf4 Qxf2+ 40. Kh3 Qf1+ 41. Kh2 Qf2+ 42. Kh3 Qf1+ 43. Kh2 Qf2+ 1/2-1/2

[Event "Late-Titled-Tuesday-Blitz-April-02-2024"]
[Site "Chess.com"]
[Date "2024.04.02"]
[Round "1"]
[White "Resignify"]
[Black "Bilan_Danila"]
[Result "0-1"]
[WhiteElo "2247"]
[BlackElo "2594"]
[TimeControl "180+1"]
[EndTime "14:07:22 PDT"]
[Termination "Bilan_Danila won by resignation"]

1. e4 c6 2. d4 d5 3. Nd2 dxe4 4. Nxe4 Bf5 5. Ng3 Bg6 6. h4 h6 7. Nh3 e5 8. dxe5 Qa5+ 9. c3 Qxe5+ 10. Qe2 Qxe2+ 11.
Bxe2 Nf6 12. Nf4 Bh7 13. O-O Bc5 14. Bd3 O-O 15. Bxh7+ Kxh7 16. Re1 Nbd7 17. Be3 Rfe8 18. Nf5 Bxe3 19. Rxe3 Rxe3 20. Nxe3 Nc5 21. Rd1 g5 22. hxg5 hxg5 23. Nh3 Kg6 24. Rd6 Ne4 25. Rd4 Re8 26. f3 Nxc3 27. bxc3 Rxe3 28. Rd6 Rxc3 29. Nf2 Kf5 30.
Rxf6+ Kxf6 31. Ne4+ Ke5 32. Nxc3 b5 33. Kf2 Kd4 34.
Ne4 a5 35. Nxg5 a4 36. Ke2 Kc3 37. Kd1 Kb2 38. Nxf7 Kxa2 39. Ne5 b4 40. Nd3 b3 41. g4 b2 42. Nxb2 Kxb2 43. g5 a3 44. g6 a2 45. g7 a1=Q+ 46. Ke2 Qg1 0-1

[Event "Late-Titled-Tuesday-Blitz-April-02-2024"]
[Site "Chess.com"]
[Date "2024.04.02"]
[Round "1"]
[White "GoValya"]
[Black "Russian_berezka"]
[Result "0-1"]
[WhiteElo "2241"]
[BlackElo "2585"]
[TimeControl "180+1"]
[EndTime "14:07:23 PDT"]
[Termination "Russian_berezka won by resignation"]

1. d4 g6 2. c4 Bg7 3. Nc3 f5 4.
e4 fxe4 5. Nxe4 Nf6 6. Nxf6+ exf6 7. Nf3 O-O 8. Be2 d5 9. cxd5 Nd7 10. Qb3 Kh8 11. d6 cxd6 12. O-O Nb6 13. Bf4 Re8 14.
Bb5 Bd7 15. d5 Rc8 16. Bxd7 Qxd7 17. Rad1 Re4 18. Be3 Qd8 19. Nd4 Nd7 20. Ne6 Qe8 21.
Bxa7 b6 22. a4 Nc5 23. Nxc5 bxc5 24. a5 Rb4 25. Qc2 Qb5 26. Bb6 Rxb2 27. Qe4 Re2 28.
Qg4 Rce8 29. h3 f5 30. Qh4 Bd4 31. Rb1 Qa6 32. Rbd1 Bg7 33. Qg5 Qc4 34. Rd2 Re1 35. Rxe1 Rxe1+ 36. Kh2 Be5+ 37. g3 Qe4 38. Qd8+ Kg7 39.
Qe7+ Kh6 40. f3 Bxg3+ 41. Kxg3 Qxe7 0-1